 Dungeon Crawl Stone Soup version 5.6-27-g44b401c (webtiles) character file.

17 abdallah the Nimble (level 10, -6/90 HPs) *CASUAL*
             Began as a Deep Elf Wizard on July 25, 2018.
             Mangled by a gnoll sergeant
             ... wielding a +2 spear of distortion
              (19 damage)
             ... on level 6 of the Dungeon.
             The game lasted 00:14:02 (4648 turns).

abdallah the Nimble (Deep Elf Wizard)               Turns: 4648, Time: 00:14:03

Health: -6/90      AC: 25 (48%)Str:  4  XL:     10   Next: 28%
Magic:  20/23      EV:  2    Int: 27    God:
Gold:   397        SH:  0    Dex: 13    Spells: 16/22 levels left

rFire    . . .     SeeInvis .   x - +0 rapier (freeze)
rCold    . . .     Faith    .   v - staff of summoning
rNeg     + + +     Spirit   .   (armour currently unavailable)
rPois    +         Reflect  .   (helmet currently unavailable)
rElec    .         NoTele   +   (cloak currently unavailable)
rCorr    .                      (gloves currently unavailable)
MR       +....                  (boots currently unavailable)
Stlth    ++++......             (no amulet)
Regen    0.3/turn               o - ring of positive energy
MPRegen  0.3/turn               t - ring of positive energy

@: tree-form
A: no striking features
a: no special abilities


You were on level 6 of the Dungeon.
You were not hungry.
You were a tree.
You visited 1 branch of the dungeon, and saw 6 of its levels.

You collected 397 gold pieces.

Inventory:

Hand Weapons
 x - a +0 rapier of freezing (weapon)
Missiles
 c - 190 poisoned darts (quivered)
 q - 65 javelins
 u - 7 frenzy darts
Armour
 a - a +0 robe (melded)
 b - a +0 hat
 f - a +0 pair of boots (melded)
 g - a +0 leather armour
 k - a +0 helmet (melded)
 n - a +0 cloak (melded)
Magical Staves
 v - an uncursed staff of summoning (worn)
Jewellery
 o - a ring of positive energy (left branch)
 t - a ring of positive energy (right branch)
Wands
 i - a wand of digging (4)
 C - a wand of flame (15)
Scrolls
 h - a scroll of enchant armour
 l - 3 scrolls of enchant weapon
 m - 2 scrolls of magic mapping
 p - 3 scrolls of amnesia
 r - 4 scrolls of teleportation
 w - a scroll of blinking
 y - a scroll of fear
 z - a scroll of fog
Potions
 d - 2 potions of heal wounds
 e - a potion of flight
 j - 2 potions of augmentation
 s - 3 potions of resistance
 A - a potion of mutation
 B - a potion of lignification


   Skills:
 + Level 5.9 Fighting
 + Level 5.7 Armour
 + Level 10.1 Dodging
 + Level 6.8 Stealth
 - Level 1.3 Hexes
 - Level 1.1 Summonings
 - Level 1.2 Necromancy
 - Level 1.1 Translocations
 - Level 1.1 Transmutations
 + Level 2.8 Fire Magic
 - Level 5.0 Air Magic
 - Level 1.1 Earth Magic
 + Level 2.6 Evocations


You had 16 spell levels left.
You knew the following spells:

 Your Spells              Type           Power        Failure   Level  Hunger
a - Magic Dart            Air            25 (25)      1%          1    N/A
b - Blink                 Tloc           N/A          12%         2    N/A
c - Conjure Flame         Fire/Air       21 (100)     8%          3    N/A

Your spell library contained the following spells:

 Spells                   Type           Power        Failure   Level  Hunger
 Slow                     Hex            7 (100)      11%         2    N/A
 Sublimation of Blood     Necr           6 (200)      11%         2    N/A
 Passwall                 Tmut/Erth      5 (200)      12%         2    N/A
 Call Canine Familiar     Summ           8 (100)      22%         3    N/A

Dungeon Overview and Level Annotations

Branches:
Dungeon (6/15)

Altars:
Cheibriados
Elyvilon
Lugonu
Ru
Trog

Annotations:
D:6 Blork the orc


Innate Abilities, Weirdness & Mutations

((Your non-sustained spells cost 1 less MP to cast))
((Your skin blends seamlessly with your surroundings (Stealth+++).))


Message History

Confirm with . or Enter, or press ? or * to list all spells.
Aiming: Magic Dart (safe; 1% risk of failure)
Press: ? - help, Shift-Dir - straight line, f/p - gnoll sergeant
Aim: a gnoll sergeant, wielding a +2 spear of distortion and wearing a -1 buckler (lightly wounded, fast)
The magic dart hits the gnoll sergeant (0).
The gnoll sergeant is lightly wounded.
The gnoll sergeant hits you but does no damage.
Blork the orc casts a spell at you. The magic dart hits you!
The gnoll sergeant hits you but does no damage.
Casting: Magic Dart (safe; 1% risk of failure)
Confirm with . or Enter, or press ? or * to list all spells.
Aiming: Magic Dart (safe; 1% risk of failure)
Press: ? - help, Shift-Dir - straight line, f/p - gnoll sergeant
Aim: a gnoll sergeant, wielding a +2 spear of distortion and wearing a -1 buckler (fast)
The magic dart hits Blork the orc (2).
Blork the orc is lightly wounded.
The gnoll sergeant hits you but does no damage.
Space warps horribly around you (19)!
You die...

....##..)##[##.#
....#.....#.##.#
...............##
P.P....)........##
P♣P♣P.....P.P....##
PP♣PP...).P♣P..[..#
P♣♣♣♣..).♣PPP♣P...#
##'''#PPPPP...##
#♣..#P♣♣♣P♣...#
#.o.### #♣PP..#
#.g.# ♣P♣..# #.).#
♣PP..# ###$#
#PP♣..#
KK.K..).'...#.....#
........'..$#.....#
###################


You could see Blork the orc and a gnoll sergeant.

Vanquished Creatures
  Grinder (D:4)
  Edmund (D:6)
  Menkaure (D:5)
  An ice beast (D:5)
  An orc warrior (D:6)
  2 ogres
  A centaur (D:6)
  A big kobold (D:6)
  A gnoll sergeant (D:6)
  10 scorpions
  4 crimson imps (D:5)
  A howler monkey (D:5)
  5 orc wizards
  2 orc priests
  A gnoll shaman (D:6)
  4 hounds
  4 worker ants
  3 iguanas (D:6)
  Samantha (D:2)
  6 gnolls (D:6)
  9 adders
  An ooze (D:3)
  2 dart slugs (D:1)
  16 orcs
  7 quokkas
  3 ball pythons
  11 bats
  7 giant cockroaches
  19 goblins
  9 hobgoblins
  A jackal (D:3)
  10 kobolds
  4 frilled lizards
  7 rats
157 creatures vanquished.

Notes
Turn   | Place    | Note
-------+----------+-------------------------------------------
     0 | D:1      | abdallah the Deep Elf Wizard began the quest for the Orb.
     0 | D:1      | Reached XP level 1. HP: 10/10 MP: 4/4
    72 | D:1      | Reached XP level 2. HP: 15/15 MP: 6/6
   128 | D:1      | Learned a level 2 spell: Blink
   165 | D:1      | Reached skill level 3 in Dodging
   273 | D:1      | Reached XP level 3. HP: 11/19 MP: 8/8
   441 | D:1      | Learned a level 3 spell: Conjure Flame
   594 | D:1      | Reached skill level 4 in Dodging
   753 | D:2      | Reached XP level 4. HP: 24/24 MP: 10/10
   758 | D:2      | Noticed Samantha
   765 | D:2      | Killed Samantha
   798 | D:2      | Found a bloodstained altar of Trog.
   817 | D:2      | Reached XP level 5. HP: 28/28 MP: 12/12
   904 | D:2      | Found a sacrificial altar of Ru.
  1016 | D:2      | Reached skill level 5 in Dodging
  1152 | D:2      | Found a faded altar of an unknown god.
  1397 | D:3      | Reached XP level 6. HP: 13/32 MP: 14/14
  1711 | D:3      | Found a snail-covered altar of Cheibriados.
  2005 | D:3      | Reached skill level 6 in Dodging
  2022 | D:3      | Reached skill level 1 in Fighting
  2042 | D:3      | Reached skill level 1 in Armour
  2042 | D:3      | Reached skill level 5 in Air Magic
  2042 | D:3      | Reached XP level 7. HP: 26/38 MP: 16/16
  2464 | D:4      | Reached skill level 7 in Dodging
  2752 | D:4      | Noticed Grinder
  2753 | D:4      | Paralysed by Grinder for 2 turns
  2764 | D:4      | Killed Grinder
  2764 | D:4      | Reached XP level 8. HP: 46/46 MP: 18/18
  2785 | D:4      | Reached skill level 8 in Dodging
  3262 | D:4      | Gained mutation: Your skin blends seamlessly with your surroundings (Stealth+++). [mutagenic hatch]
  3262 | D:5      | Entered Level 5 of the Dungeon
  3263 | D:5      | Found a white marble altar of Elyvilon.
  3333 | D:5      | Reached XP level 9. HP: 52/52 MP: 21/21
  3400 | D:5      | Reached skill level 9 in Dodging
  3492 | D:5      | Noticed Menkaure
  3591 | D:5      | Found a corrupted altar of Lugonu.
  3697 | D:5      | Reached skill level 5 in Fighting
  3697 | D:5      | Reached skill level 5 in Stealth
  3794 | D:5      | Reached skill level 5 in Armour
  3896 | D:5      | Killed Menkaure
  4227 | D:6      | Reached skill level 1 in Evocations
  4234 | D:6      | Noticed Edmund
  4244 | D:6      | Killed Edmund
  4262 | D:6      | Reached XP level 10. HP: 33/60 MP: 20/23
  4472 | D:6      | Reached skill level 10 in Dodging
  4643 | D:6      | Noticed Blork the orc
  4648 | D:6      | Mangled by a gnoll sergeant

Skill      XL: |  1  2  3  4  5  6  7  8  9 10 |
---------------+-------------------------------+-----
Dodging        | 3 4 5 6 7 8 9 10 | 10.1
Air Magic      | 2 3 4 5 |  5.0
Fighting       | 1 3 4 5 |  5.9
Armour         | 1 3 4 5 |  5.7
Stealth        | 3 6 |  6.8
Evocations     | 1 2 |  2.6
Fire Magic     | 2 |  2.8
Hexes          | |  1.3
Summonings     | |  1.1
Necromancy     | |  1.2
Translocations | |  1.1
Transmutations | |  1.1
Earth Magic    | |  1.1

Action                   |  1- 3 |  4- 6 |  7- 9 | 10-12 || total
-------------------------+-------+-------+-------+-------++-------
Melee: Rapier            |       |       |       |     8 ||     8
 Cast: Magic Dart        |    61 |   124 |   253 |    90 ||   528
       Blink             |       |     2 |       |     1 ||     3
       Conjure Flame     |       |     1 |     6 |     2 ||     9
  Use: Potion            |       |       |       |     3 ||     3
Armor: Robe              |     1 |     3 |     8 |    11 ||    23
       Skin              |       |       |       |    10 ||    10
Dodge: Dodged            |    13 |    21 |    61 |    53 ||   148
